 Dungeon Crawl Stone Soup version 0.27.1-4-g1640c2035a (webtiles) character file.

Game seed: 13530296450081639357

303 MajorAdolf the Sneak (level 6, -4/58 HPs)
             Began as a Naga Wanderer on Nov 13, 2021.
             Was an Initiate of the Shining One.
             Slain by a gnoll sergeant (9 damage)
             ... on level 5 of the Dungeon.
             The game lasted 00:06:24 (6000 turns).

MajorAdolf the Sneak (Naga Wanderer)                Turns: 6000, Time: 00:06:24

Health: -4/58      AC:  9    Str: 19    XL:     6   Next: 38%
Magic:  7/7        EV:  7    Int: 15    God:    the Shining One [......]
Gold:   26         SH:  0    Dex: 11    Spells: 5/5 levels left

rFire    . . .     SeeInvis +   x - +2 long sword (flame)
rCold    . . .     Faith    .   (no shield)
rNeg     . . .     Spirit   .   d - +2 scale mail
rPois    +         Reflect  .   o - +0 helmet
rElec    .         Harm     .   (no cloak)
rCorr    .         Rampage  .   (no gloves)
Will     +....                  (no barding)
Stlth    +.........             (no amulet)
HPRegen  0.19/turn              f - +6 ring of intelligence
MPRegen  0.10/turn              r - ring of willpower

@: short of breath, glowing, very slow
A: AC +2, large, see invisible, deformed body, poison resistance, slowness 2,
spit poison 1, naga tail 1
a: Spit Poison, Renounce Religion


You were on level 5 of the Dungeon.
You worshipped the Shining One.
The Shining One was noncommittal.
You visited 2 branches of the dungeon, and saw 6 of its levels.

You collected 156 gold pieces.
You spent 130 gold pieces at shops.

Inventory:

Hand Weapons
 x - a +2 long sword of flaming (weapon)
Armour
 d - a +2 scale mail (worn)
 o - a +0 helmet (worn)
 u - the +2 robe of Ornamental Mirth {Rampage rF+ rC-}
   (You found it on level 4 of the Dungeon)

   rF:        It protects you from fire.
   rC:        It makes you vulnerable to cold.
   Rampage:   It bestows one free step when moving towards enemies.
Magical Staves
 w - a staff of cold
Jewellery
 f - a +6 ring of intelligence (left hand)
 r - a ring of willpower (right hand)
 s - an amulet of the acrobat
 v - an amulet of regeneration
Scrolls
 a - a scroll of enchant weapon {unknown}
 b - 3 scrolls of teleportation
 i - 2 scrolls of enchant armour {unknown}
 j - 3 scrolls of fog {unknown}
 k - 4 scrolls of identify {unknown}
 p - a scroll of fear {unknown}
Potions
 c - 6 potions of curing
 h - 3 potions of degeneration {unknown}
 l - a potion of attraction {unknown}
 m - a potion of berserk rage {unknown}
 n - a potion of resistance {unknown}
 q - 2 potions of lignification {unknown}
 t - a potion of magic {unknown}


   Skills:
 + Level 4.3 Fighting
 + Level 2.4 Long Blades
 - Level 1.0 Maces & Flails
 + Level 3.5 Armour
 - Level 4.4 Stealth
 + Level 1.5 Invocations
 + Level 1.3 Evocations


You had 5 spell levels left.
You didn't know any spells.
Your spell library was empty.

Dungeon Overview and Level Annotations

Branches:
Dungeon (5/15)             Temple (1/1) D:4

Altars:
Dithmenos
Elyvilon
Fedhas
Gozag
Hepliaklqana
Kikubaaqudgha
Makhleb
Nemelex Xobeh
Qazlal
Ru
Sif Muna
Trog
Vehumet
Wu Jian
Xom
Yredelemnul
Zin
The Shining One

Shops:
D:3 (

Annotations:
D:3 Sigmund


Innate Abilities, Weirdness & Mutations

Your serpentine skin is tough. (AC +2)
You have supernaturally acute eyesight. (SInv)
Armour fits poorly on your strangely shaped body.
Your system is resistant to poisons. (rPois)
You cover ground very slowly.
You can spit poison.
You have a snake-like lower body.


Message History

You kill the gnoll!
The gnoll sergeant hits you from afar with a +0 spear.
A gnoll comes into view. It is wielding a +0 club.
The gnoll shouts!
The gnoll sergeant hits you with a +0 spear!
The gnoll sergeant hits you with a +0 spear.
You see here a +0 whip.
The gnoll sergeant blocks your attack.
The gnoll sergeant hits you with a +0 spear.
You slash the gnoll sergeant! You burn the gnoll sergeant.
The gnoll sergeant is moderately wounded.
The gnoll sergeant hits you but does no damage.
You hit the gnoll sergeant. You burn the gnoll sergeant.
The gnoll sergeant is heavily wounded.
The gnoll sergeant barely misses you.
You riposte.
You hit the gnoll sergeant. You burn the gnoll sergeant.
The gnoll sergeant is heavily wounded.
The gnoll sergeant barely misses you. The gnoll sergeant blocks your attack.
The gnoll sergeant is heavily wounded.
The gnoll sergeant completely misses you.
The gnoll sergeant blocks your attack.
The gnoll sergeant is heavily wounded.
The gnoll sergeant hits you with a +0 spear.
You hit the gnoll sergeant. You burn the gnoll sergeant.
The gnoll sergeant is heavily wounded.
The gnoll sergeant hits you with a +0 spear. x2
You are too injured to fight recklessly!
Press: ? - help, Shift-Dir - straight line, f - gnoll sergeant
Aim: a gnoll sergeant, wielding a +0 spear, wearing a +0 scale mail and wearing a +0 buckler (heavily wounded)
The splash of poison misses the gnoll sergeant.
The splash of poison hits the gnoll!
The gnoll is poisoned.
The gnoll is severely wounded.
The gnoll sergeant hits you with a +0 spear!
* * * LOW HITPOINT WARNING * * *
You kill the gnoll!
The gnoll sergeant hits you from afar with a +0 spear!
* * * LOW HITPOINT WARNING * * *
The gnoll sergeant hits you from afar with a +0 spear!
You die...

.....[ #.....
+.... ####...
..#.. #.#.#
#.#####.#.######.
........@........
#.#####.#.######
#.#g# #<#g# #.#.#
#.#g# ###g# ...
#.#


You could see a gnoll sergeant and 3 gnolls.

Vanquished Creatures
  An ogre (D:4)
  An iguana (D:4)
  A hound skeleton (D:4)
  Robin (D:2)
  An adder (D:2)
  5 gnolls
  An ufetubus (D:5)
  A worm (D:2)
  3 dart slugs
  An orc (D:3)
  8 ball pythons
  9 endoplasms
  2 giant cockroaches
  17 goblins
  8 hobgoblins
  8 jackals
  6 kobolds
  5 quokkas
  5 bats
  5 frilled lizards
  5 rats
94 creatures vanquished.

Vanquished Creatures (others)
  A plant (D:1)
1 creature vanquished.

Grand Total: 95 creatures vanquished

Notes
Turn   | Place    | Note
-------+----------+-------------------------------------------
     0 | D:1      | MajorAdolf the Naga Wanderer began the quest for the Orb.
     0 | D:1      | MajorAdolf set off with the following items: a +0 club, a
                  | scroll of teleportation, a potion of curing, a +2 scale
                  | mail, a +0 dagger
     0 | D:1      | Reached XP level 1. HP: 19/19 MP: 1/1
   531 | D:1      | Reached XP level 2. HP: 15/27 MP: 2/2
   880 | D:1      | Found a faded altar of an unknown god.
  1297 | D:1      | Reached XP level 3. HP: 33/33 MP: 3/3
  2321 | D:2      | Reached XP level 4. HP: 42/42 MP: 4/4
  2324 | D:2      | Noticed Robin
  2393 | D:2      | Killed Robin
  3303 | D:3      | Noticed a fire elemental
  3411 | D:3      | Found a stormy altar of Qazlal.
  3414 | D:3      | Noticed an air elemental
  3414 | D:3      | Noticed a water elemental
  3414 | D:3      | Noticed an earth elemental
  3482 | D:3      | Found Cenadwosent's Antique Weapon Emporium.
  3494 | D:3      | Noticed Sigmund
  3889 | D:3      | Reached XP level 5. HP: 40/50 MP: 5/5
  4719 | D:4      | Found a staircase to the Ecumenical Temple.
  4738 | Temple   | Entered the Ecumenical Temple
  4806 | Temple   | Became a worshipper of the Shining One
  4856 | D:4      | Found a shadowy altar of Dithmenos.
  5000 | D:4      | Identified the +2 robe of Ornamental Mirth {Rampage rF+
                  | rC-}
  5554 | D:3      | Bought a runed long sword for 130 gold pieces
  5592 | D:4      | Noticed an ogre
  5595 | D:4      | Killed an ogre
  5596 | D:4      | Reached skill level 1 in Invocations
  5596 | D:4      | Reached skill level 1 in Evocations
  5596 | D:4      | Reached XP level 6. HP: 57/57 MP: 6/6
  5958 | D:5      | Entered Level 5 of the Dungeon
  6000 | D:5      | Slain by a gnoll sergeant

Illustrated notes

Levels and vault maps discovered:
D:1:      dpeg_arrival_arbitrary_a, layout_loops_corners,
          hellmonk_ecumenical_altar_blasted, serial_bayou_pond_a,
          chequers_garden, feat_on_display
D:2:      layout_rooms, serial_forest, infiniplex_forest_lined_ring,
          infiniplex_forest_zigzag_2, infiniplex_forest_corner_2,
          infiniplex_forest_clump_diagonal, infiniplex_forest_zigzag_2,
          minmay_pentomino_o4, uniq_robin
D:3:      layout_rooms, nicolae_qazlal_style_of_elements, serial_shops, shop,
          uniq_sigmund
D:4:      layout_loops_corners, grunt_dithmenos_smoke_and_mirrors,
          minmay_temple_entry_junction
D:5:      layout_basic, nicolae_uskayaw_dance_hall, serial_shops,
          nicolae_shop_stone, uniq_pikel
Temple:   nicolae_temple_x_marks_the_god

Skill      XL: |  1  2  3  4  5 |
---------------+----------------+-----
Armour         | 2 3 |  3.5
Fighting       | 3 4 |  4.3
Invocations    | 1 |  1.5
Evocations     | 1 |  1.3
Long Blades    | |  2.4
Maces & Flails | |  1.0
Stealth        | |  4.4

Action                   |  1- 3 |  4- 6 || total
-------------------------+-------+-------++-------
Melee: Dagger            |   145 |   255 ||   400
       Long sword        |       |    22 ||    22
 Abil: Spit Poison       |    19 |    24 ||    43
 Stab: Sleeping          |     1 |       ||     1
Armor: Scale mail        |    78 |   167 ||   245
Dodge: Dodged            |    46 |   132 ||   178
       Rpst.: Long sword |       |     2 ||     2
